 Dungeon Crawl Stone Soup version 0.19.0-9-gfd783f2 (webtiles) character file.

162368 inmateoo the Black Belt (level 17, -31/137 HPs)
             Began as a Grey Draconian Transmuter on Nov 7, 2016.
             Was the Champion of Hepliaklqana.
             Annihilated by a spark wasp (33 damage)
             ... on level 3 of the Spider Nest.
             The game lasted 01:58:15 (43934 turns).

inmateoo the Black Belt (DrTm)                     Turns: 43934, Time: 01:58:16

Health: -31/137    AC: 19    Str: 15      XL:     17   Next: 21%
Magic:  26/32      EV:  9    Int: 15      God:    Hepliaklqana [******]
Gold:   585        SH:  0    Dex: 14 (15) Spells: 9 memorised, 10 levels left

rFire  . . .     SeeInvis +       - Unarmed
rCold  . . .     Gourm    .     (armour unavailable)
rNeg   . . .     Faith    .     (no shield)
rPois  +         Spirit   .     S - +2 hat {SInv}
rElec  +         Reflect  .     G - +0 cloak
rCorr  +         Harm     .     U - +1 pair of gloves
MR     +....                    (no boots)
Stlth  +.........               m - amulet of magic regeneration
                                P - ring of resist corrosion
                                x - ring of poison resistance

@: held, repel missiles
A: walk through water, unfitting armour, reduced essence, hooves 1, horns 1,
robust 1, electricity resistance, slow regeneration 1, wild magic 1,
unbreathing, cold-blooded, AC +14
a: Recall Ancestor, Ancestor Identity, Transference, Idealise, Renounce Religion


You were on level 3 of the Spider Nest.
You worshipped Hepliaklqana.
Hepliaklqana was exalted by your worship.
You were hungry.

You visited 5 branches of the dungeon, and saw 27 of its levels.
You also visited: Ice Cave and Volcano.

You collected 2123 gold pieces.
You spent 1538 gold pieces at shops.

Inventory:

Hand Weapons
 y - the +3 war axe of Alassama {chop, rPois rF+ MR++ Dex-2}
   (You found it on level 4 of the Dungeon)

   It inflicts extra damage upon your enemies.
   It affects your dexterity (-2).
   It protects you from fire.
   It protects you from poison.
   It affects your resistance to hostile enchantments.
Missiles
 a - 404 arrows
Armour
 G - a +0 cloak (worn)
 I - a +0 pair of boots
 S - a +2 hat of see invisible (worn)
 U - a +1 pair of gloves (worn)
Magical Staves
 D - an uncursed staff of energy
Jewellery
 i - an uncursed ring of protection from cold
 j - an uncursed ring of flight
 m - an amulet of magic regeneration (around neck)
 x - a ring of poison resistance (left hand)
 z - a +2 ring of intelligence
 P - a ring of resist corrosion (right hand)
Wands
 e - a wand of teleportation (5/9)
 s - a wand of polymorph (12/24)
 C - a wand of confusion (29/48)
 J - a wand of iceblast (11/15)
 N - a wand of iceblast (7/15)
 Q - a wand of disintegration (14/24)
 R - a wand of lightning (10/15)
 V - a wand of acid (6/15)
Scrolls
 d - 8 scrolls of remove curse
 f - 2 scrolls of recharging
 g - 7 scrolls of fog
 l - 2 scrolls of magic mapping
 n - 4 scrolls of teleportation
 q - 5 scrolls of amnesia
 A - a scroll of blinking
 K - 10 scrolls of identify
Potions
 h - 5 potions of cancellation
 k - 2 potions of lignification
 o - a potion of haste
 r - 2 potions of berserk rage
 u - 2 potions of ambrosia
 w - 5 potions of flight
 B - a potion of invisibility
 E - a potion of might
 H - 5 potions of agility
 L - 5 potions of brilliance
 O - 3 potions of curing
Books
 b - a book of the Tempests

   Spells                             Type                      Level
   a - Static Discharge               Conjuration/Air              3
   b - Lightning Bolt                 Conjuration/Air              5
   c - Fireball                       Conjuration/Fire             5
   d - Tornado                        Air                          9
   e - Shatter                        Earth                        9
Miscellaneous
 v - a lamp of fire
 F - the horn of Geryon
 T - a phial of floods
Comestibles
 c - 12 bread rations
 t - 20 meat rations
 M - 13 royal jellies


   Skills:
 - Level 9.0 Fighting
 - Level 10.0 Dodging
 * Level 16.9 Unarmed Combat
 * Level 11.7 Spellcasting
 + Level 2.5 Charms
 + Level 12.8 Transmutations
 - Level 4.4 Ice Magic
 * Level 13.5 Earth Magic
 + Level 7.2 Invocations
 * Level 4.3 Evocations


You had 10 spell levels left.
You knew the following spells:

 Your Spells              Type           Power        Failure   Level  Hunger
a - Regeneration          Chrm/Necr      ###.......   24%         3    None
b - Sticks to Snakes      Tmut           ######..     1%          2    None
d - Ice Form              Ice/Tmut       #####...     4%          4    ###....
e - Repel Missiles        Chrm/Air       ###...       14%         2    None
f - Swiftness             Chrm/Air       ###.....     14%         2    None
g - Blade Hands           Tmut           ######....   2%          5    #####..
h - Lee's Rapid Deconstr  Erth           ######....   1%          5    #####..
i - Passwall              Tmut/Erth      ######....   1%          2    None
j - Passage of Golubria   Tloc           N/A          91%         4    ###....


Dungeon Overview and Level Annotations

Branches:
Dungeon (15/15)            Temple (0/1) D:5            Lair (6/6) D:8
 Shoals (0/4) Lair:4       Spider (3/4) Lair:4        Slime (0/5) Lair:5
    Orc (2/2) D:12            Elf (0/3) Orc:2        Vaults (0/5) D:14
 Depths (0/5) D:15           Hell (1/1)
    Dis: Hell:1         Geh: Hell:1         Coc: Hell:1         Tar: Hell:1

Altars:
Ashenzari
Cheibriados
Fedhas
Gozag
Hepliaklqana
Kikubaaqudgha
Makhleb
Nemelex Xobeh
Qazlal
Ru
Sif Muna
Vehumet
Yredelemnul
The Shining One
Beogh
Jiyva

Shops:
D:7 ([:[   Orc:2 }%(%

Portals:
Hell: Lair:6
Pandemonium: Orc:2

Annotations:
Lair:1 exclusion: oklob plant


Innate Abilities, Weirdness & Mutations

You can walk through water.
Your dull iron-grey scales are very hard. (AC +14)
You cannot fit into any form of body armour.
You can survive without breathing.
You are cold-blooded and may be slowed by cold attacks.
Your life essence is reduced. (-10% HP)
You have large cloven feet.
You have a pair of small horns on your head.
You are robust. (+10% HP)
You are resistant to electric shocks. (rElec)
You regenerate slowly when monsters are visible.
Your spells are a little harder to cast, but a little more powerful.


Message History

The spark wasp misses your adder.
Your adder misses the jumping spider. The jumping spider pounces on you!
* * * LOW HITPOINT WARNING * * *
You are caught in a web!
The jumping spider bites you.
* * * LOW HITPOINT WARNING * * *
The tarantella bites your adder!
Your adder dies!
There is a web here.
Unknown command.
Unknown command.
You feel better. The jumping spider pounces on you.
* * * LOW HITPOINT WARNING * * *
The jumping spider bites you but does no damage.
The jumping spider pounces on you.
* * * LOW HITPOINT WARNING * * *
You are even more entangled.
The jumping spider bites you!
* * * LOW HITPOINT WARNING * * *
Your adder closely misses the spark wasp. x2
The spark wasp stings you!!
You die...

########## #####
.........# ......
.........<.## ..>...
.........^..## #......
.............## .......
.....s...#..y.###.......
.......s...^#.ss@.......
...........s..sySS###...
...........^....S.#
..^...........s...#
†..†............###
......#......#.##
†...............
....§..........#
..$.......


You could see a spark wasp, a moth of wrath, an orb spider, a jumping spider
(berserk), 2 tarantellas, a redback and 3 friendly adders.

Vanquished Creatures
  2 ghost moths (Spider:2)
  A frost giant (IceCv)
  4 vault guards (D:14)
  5 hydras
  The ghost of Chiseanne the Nimble, a journeyman HEAr of Vehumet (D:12)
  5 death yaks
  2 tengu warriors
  5 orc high priests (Orc:2)
  A soul eater (Orc:2)
  A deep elf knight (D:14)
  3 skeletal warriors (D:13)
  An unseen horror (D:14)
  2 sixfirhies
  3 wizards
  2 hill giants
  A necromancer (D:15)
  A lindwurm (Lair:5)
  6 orb spiders
  5 orc knights
  13 wolf spiders
  A manticore (D:13)
  5 orc sorcerers
  13 ugly things
  A salamander (shapeshifter) (D:13)
  2 black mambas (Lair:3)
  3 elephants
  2 naga magi (D:15)
  2 molten gargoyles (Volcano)
  A spiny frog (shapeshifter) (D:13)
  A torpor snail (Lair:5)
  2 gargoyles (D:14)
  12 spiny frogs
  3 orange demons
  5 demonic crawlers
  2 tengu conjurers
  2 komodo dragons
  3 ice devils (Lair:6)
  7 rime drakes
  A hellwing (Lair:6)
  10 jumping spiders
  3 red devils
  3 meliai (Lair:4)
  3 two-headed ogres
  11 polar bears
  3 trolls
  2 hornets (D:13)
  6 slime creatures
  6 dream sheep
  4 blink frogs
  7 hippogriffs
  A meliai zombie (D:15)
  22 redbacks
  3 water elementals
  A human (D:14)
  3 wraiths
  A wyvern (D:12)
  2 fire elementals
  A fire bat (Volcano)
  52 yaks
  17 tarantellas
  A basilisk (Lair:4)
  A neqoxec (Orc:2)
  Edmund (D:6)
  Menkaure (D:5)
  A warg (Orc:1)
  A soldier ant (D:13)
  A harpy simulacrum (D:15)
  A hell hound (Lair:6)
  7 porcupines
  14 water moccasins
  22 orc warriors
  4 sky beasts
  2 ice beasts
  3 phantoms
  A necrophage (D:13)
  3 boggarts (D:14)
  13 centaurs
  38 wolves
  6 ogres
  11 crocodiles
  3 big kobolds
  15 bullfrogs
  3 gnoll sergeants
  8 scorpions
  40 killer bees
  5 wights
  2 vampire bats (D:6)
  2 electric eels (D:14)
  6 crimson imps
  4 howler monkeys (D:8)
  3 centaur zombies
  4 jellies
  5 centaur skeletons
  26 orc priests
  A hound (D:8)
  A bullfrog skeleton (D:8)
  6 iguanas
  16 orc wizards
  A hell rat (Lair:4)
  6 worker ants
  4 ogre zombies (D:12)
  A hound zombie (D:7)
  2 hound skeletons
  10 gnolls
  A howler monkey skeleton (D:4)
  8 adders
  3 shadow imps
  3 adder skeletons
  2 worms
  2 dart slugs
  6 leopard geckos
  57 orcs
  3 giant cockroaches
  9 goblins
  13 hobgoblins
  3 jackals (D:1)
  17 kobolds
  4 quokkas
  2 ball pythons
  21 bats
  5 frilled lizards
  2 goblin skeletons (D:12)
  A goblin zombie (D:12)
  4 hobgoblin zombies (D:12)
  5 orc skeletons (D:12)
  12 orc zombies (D:12)
  A quokka skeleton (D:5)
  A quokka zombie (D:7)
  5 rats
789 creatures vanquished.

Vanquished Creatures (collateral kills)
  Geryon (Hell)
  An entropy weaver (Spider:1)
  A dire elephant (Lair:6)
  A red draconian (Volcano)
  A vault guard (D:15)
  3 hydras
  A catoblepas (Lair:4)
  3 death yaks
  3 centaur warriors
  2 orc high priests (Orc:2)
  A torturous demonspawn (Orc:2)
  A wizard (D:14)
  An unseen horror (D:13)
  A gelid demonspawn (Orc:2)
  5 hill giants
  An infernal demonspawn (Orc:2)
  3 orc knights
  2 deep elf magi
  4 wolf spiders
  3 manticores
  6 ugly things
  An orc sorcerer (D:11)
  7 orb spiders
  2 black mambas (Lair:6)
  5 elephants
  A smoke demon (Lair:6)
  4 centaur skeletons
  An ice statue (IceCv)
  3 torpor snails
  An eye of devastation (shapeshifter) (D:15)
  5 spiny frogs
  A gargoyle (D:15)
  3 orange demons
  2 demonic crawlers
  A yaktaur (Volcano)
  4 rime drakes
  A tengu conjurer (D:13)
  5 trolls
  5 jumping spiders
  6 polar bears
  A queen bee (Lair:1)
  5 blink frogs
  2 slime creatures (D:12)
  2 two-headed ogres
  9 hippogriffs
  5 dream sheep
  A centaur simulacrum (D:15)
  14 tarantellas
  A shadow (D:12)
  A wyvern (Lair:6)
  17 yaks
  3 vampires
  19 redbacks
  A fire bat (Volcano)
  2 wraiths
  A hill giant zombie (D:12)
  A hungry ghost (D:12)
  A steam dragon (Lair:5)
  2 basilisks
  2 wargs
  A soldier ant (D:13)
  2 hell hounds (D:8)
  3 water moccasins
  A meliai simulacrum (D:12)
  17 orc warriors
  3 sky beasts
  2 phantoms
  An ice beast (D:7)
  7 wolves
  6 ogres
  2 boggarts (D:14)
  5 centaurs
  7 crocodiles
  3 big kobolds
  7 bullfrogs
  4 scorpions
  A wyvern skeleton (D:13)
  20 killer bees
  An electric eel (D:14)
  11 wights
  A bullfrog zombie (D:9)
  2 lava snakes (Volcano)
  3 crimson imps
  A gnoll shaman (D:8)
  A jelly (D:10)
  2 bullfrog skeletons
  2 hounds
  4 orc priests
  8 orc wizards
  3 iguanas
  5 worker ants
  3 ogre zombies (D:12)
  A hound zombie (D:10)
  A hound skeleton (D:5)
  8 gnolls
  An adder (D:10)
  A shadow imp (D:13)
  An adder zombie (D:5)
  2 leopard geckos
  23 orcs
  2 bats
  8 kobolds
  A quokka (D:9)
  An orc zombie (D:12)
  3 fungi (D:9)
  A plant (Lair:6)
386 creatures vanquished.

Vanquished Creatures (others)
  A tarantella (Spider:2)
  38 battlemagi
  3 ancestors
  9 fungi
  A plant (Lair:4)
52 creatures vanquished.

Grand Total: 1227 creatures vanquished

Notes
Turn   | Place    | Note
-------+----------+-------------------------------------------
     0 | D:1      | inmateoo the Draconian Transmuter began the quest for the Orb.
     0 | D:1      | Reached XP level 1. HP: 16/16 MP: 3/3
   212 | D:1      | Reached XP level 2. HP: 19/23 MP: 3/5
   314 | D:1      | Learned a level 2 spell: Sticks to Snakes
   786 | D:1      | Reached XP level 3. HP: 11/28 MP: 2/6
  1137 | D:2      | Found a deep blue altar of Sif Muna.
  1446 | D:2      | Found a burning altar of Makhleb.
  1655 | D:2      | Learned a level 3 spell: Spider Form
  1864 | D:2      | Reached XP level 4. HP: 36/36 MP: 5/7
  2327 | D:3      | Found a sacrificial altar of Ru.
  2713 | D:3      | Reached skill level 4 in Unarmed Combat
  3214 | D:4      | Got a fine war axe
  3215 | D:4      | Identified the +3 war axe of Alassama {chop, rPois rF+ MR++ Dex-2} (You found it on level 4 of the Dungeon)
  3330 | D:4      | Found a hazy altar of Hepliaklqana.
  3472 | D:4      | Noticed a phantom
  3800 | D:4      | Reached XP level 5. HP: 40/41 MP: 7/9
  3939 | D:4      | Became a worshipper of Hepliaklqana the Forgotten
  3991 | D:4      | Found a radiant altar of Vehumet.
  4336 | D:4      | Killed a phantom
  4493 | D:5      | Entered Level 5 of the Dungeon
  4500 | D:5      | Found a snail-covered altar of Cheibriados.
  4518 | D:5      | Found a staircase to the Ecumenical Temple.
  4557 | D:5      | Reached XP level 6. HP: 20/43 MP: 8/10
  4766 | D:5      | Reached skill level 5 in Unarmed Combat
  4805 | D:5      | Noticed Menkaure
  5061 | D:5      | Killed Menkaure
  5283 | D:5      | Your scales start taking on a dull iron-grey colour.
  5283 | D:5      | Reached XP level 7. HP: 15/49 MP: 4/11
  5283 | D:5      | Gained mutation: You can survive without breathing. [Grey Draconian growth]
  5286 | D:5      | Reached skill level 5 in Transmutations
  5606 | D:5      | Reached skill level 6 in Unarmed Combat
  5727 | D:5      | Learned a level 4 spell: Ice Form
  5753 | D:5      | Reached * piety under Hepliaklqana
  6162 | D:5      | Reached skill level 1 in Ice Magic
  6219 | D:5      | HP: 2/49 [poisoned by a scorpion]
  6227 | D:5      | HP: 2/49 [poisoned by a scorpion]
  6556 | D:5      | Reached XP level 8. HP: 54/54 MP: 7/12
  6561 | D:5      | Reached skill level 7 in Unarmed Combat
  6925 | D:6      | Noticed a hippogriff
  6942 | D:6      | Killed a hippogriff
  7279 | D:6      | Noticed Edmund
  7301 | D:6      | Killed Edmund
  7301 | D:6      | Reached skill level 8 in Unarmed Combat
  7381 | D:6      | Gained mutation: You have a pair of small horns on your head. [potion of mutation]
  7381 | D:6      | Gained mutation: You are agile. (Dex +2) [potion of mutation]
  7472 | D:6      | Reached XP level 9. HP: 60/60 MP: 10/13
  8138 | D:7      | Found Jios's Book Shoppe.
  8147 | D:7      | Found a sparkling altar of Nemelex Xobeh.
  8202 | D:7      | Found a blossoming altar of Fedhas.
  8203 | D:7      | Found an ancient bone altar of Kikubaaqudgha.
  8206 | D:7      | Found Entad's Antique Armour Shop.
  8208 | D:7      | Reached ** piety under Hepliaklqana
  8242 | D:7      | Learned a level 2 spell: Repel Missiles
  8245 | D:7      | Learned a level 2 spell: Swiftness
  8274 | D:7      | Found Cojoiqel's Armour Emporium.
  8277 | D:7      | Bought a +0 cloak for 58 gold pieces
  8277 | D:7      | Bought a cursed +0 pair of boots for 45 gold pieces
  8287 | D:7      | Found a roughly hewn altar of Beogh.
  8394 | D:7      | Found Lisesall's Antique Weapon Emporium.
  8433 | D:7      | Reached skill level 9 in Unarmed Combat
  8436 | D:7      | Remembered your ancestor V1lat as a battlemage
  9183 | D:8      | Found a basalt altar of Yredelemnul.
  9776 | D:8      | Found a shattered altar of Ashenzari.
  9783 | D:8      | Found a glowing golden altar of the Shining One.
  9803 | D:8      | Reached XP level 10. HP: 67/67 MP: 15/15
  9832 | D:8      | Found a staircase to the Lair.
  9964 | D:8      | Found a stormy altar of Qazlal.
 10472 | D:8      | Reached skill level 10 in Unarmed Combat
 10563 | D:8      | Noticed a three-headed hydra
 10589 | D:8      | Killed a three-headed hydra
 10589 | D:8      | Reached skill level 5 in Spellcasting
 10668 | D:9      | Found an opulent altar of Gozag.
 11189 | D:9      | Learned a level 5 spell: Blade Hands
 11257 | D:9      | Reached *** piety under Hepliaklqana
 11474 | D:9      | Reached skill level 10 in Transmutations
 11627 | D:9      | Reached XP level 11. HP: 70/75 MP: 19/19
 12021 | D:10     | Entered Level 10 of the Dungeon
 12777 | D:10     | Reached **** piety under Hepliaklqana
 13249 | D:11     | Noticed an orc sorcerer
 13494 | D:11     | Killed an orc sorcerer
 13614 | D:11     | Noticed a tengu warrior
 13684 | D:11     | Killed a tengu warrior
 13684 | D:11     | Reached skill level 11 in Unarmed Combat
 14088 | D:11     | Noticed an orc knight
 14098 | D:11     | Killed an orc knight
 14224 | D:11     | Noticed a green ugly thing
 14231 | D:11     | Killed a green ugly thing
 14263 | D:11     | Gained mutation: You have a pair of horns on your head. [mutagenic meat]
 14264 | D:11     | Gained mutation: You evolve. [mutagenic meat]
 14265 | D:11     | Gained mutation: You regenerate slowly when monsters are visible. [mutagenic meat]
 14342 | D:11     | Noticed a hill giant
 14351 | D:11     | Killed a hill giant
 14351 | D:11     | Reached skill level 5 in Fighting
 14438 | D:11     | Noticed a hill giant
 14448 | D:11     | Killed a hill giant
 14609 | D:12     | Found a staircase to the Orcish Mines.
 14654 | D:12     | Noticed Chiseanne's ghost (journeyman HEAr)
 14771 | Lair:1   | Entered Level 1 of the Lair of Beasts
 14968 | Lair:1   | Reached skill level 5 in Dodging
 15018 | Lair:1   | Reached XP level 12. HP: 43/85 MP: 23/23
 16563 | Lair:2   | Reached ***** piety under Hepliaklqana
 16637 | Lair:2   | Reached skill level 12 in Unarmed Combat
 17051 | Lair:2   | Gained mutation: Your spells are a little harder to cast, but a little more powerful. [evolution]
 17731 | Lair:3   | Reached skill level 1 in Invocations
 17956 | Lair:3   | Noticed a seven-headed hydra
 18171 | Lair:4   | Found a dark tunnel.
 18190 | Volcano  | Entered a volcano
 18471 | Volcano  | Found a burning altar of Makhleb.
 18471 | Volcano  | Noticed a centaur warrior
 18485 | Volcano  | Killed a centaur warrior
 18629 | Volcano  | Noticed a red draconian
 18636 | Volcano  | HP: 3/87 [red draconian] (5)]
 18636 | Volcano  | HP: 1/87 [red draconian/halberd of flaming (1)]
 18637 | Volcano  | Killed a red draconian
 19052 | Volcano  | Reached XP level 13. HP: 78/94 MP: 26/26
 19746 | Lair:5   | Found a viscous altar of Jiyva.
 19746 | Lair:5   | Found a staircase to the Slime Pits.
 20405 | Lair:5   | Reached skill level 13 in Unarmed Combat
 20800 | Lair:5   | Gained mutation: You are robust. (+10% HP) [evolution]
 21470 | Lair:4   | Found a staircase to the Shoals.
 21638 | Lair:4   | Found a hole to the Spider Nest.
 21657 | Lair:4   | Learned a level 5 spell: Lee's Rapid Deconstruction
 21838 | Lair:3   | Reached skill level 10 in Spellcasting
 21838 | Lair:3   | Reached skill level 1 in Earth Magic
 22198 | Lair:4   | Reached skill level 5 in Invocations
 23654 | Lair:3   | Gained mutation: You have large cloven feet. [evolution]
 23954 | Lair:4   | Reached XP level 14. HP: 115/115 MP: 28/28
 23989 | Lair:6   | Entered Level 6 of the Lair of Beasts
 24004 | Lair:6   | Reached skill level 5 in Earth Magic
 24090 | Lair:6   | Reached ****** piety under Hepliaklqana
 24465 | Lair:6   | Reached skill level 14 in Unarmed Combat
 26558 | D:12     | Killed Chiseanne's ghost
 26833 | D:12     | Learned a level 2 spell: Passwall
 26838 | D:12     | Learned a level 4 spell: Passage of Golubria
 27853 | D:12     | Lost mutation: You have a pair of horns on your head. [evolution]
 27989 | D:13     | Reached skill level 15 in Unarmed Combat
 28492 | D:14     | Found a sparkling altar of Nemelex Xobeh.
 28587 | D:14     | Found a shattered altar of Ashenzari.
 29091 | D:14     | Reached XP level 15. HP: 89/121 MP: 23/29
 29127 | D:14     | Found Xuebeff's Food Emporium.
 29231 | D:14     | Reached skill level 10 in Earth Magic
 30583 | D:14     | Found a gate to the Vaults.
 30794 | D:15     | Entered Level 15 of the Dungeon
 30838 | D:15     | Found a glowing golden altar of the Shining One.
 30979 | D:15     | Found a frozen archway.
 30997 | IceCv    | Entered an ice cave
 31048 | IceCv    | Lost mutation: You are agile. (Dex +2) [evolution]
 31641 | IceCv    | Reached skill level 16 in Unarmed Combat
 31942 | IceCv    | Noticed a frost giant
 31969 | IceCv    | Killed a frost giant
 32175 | D:15     | Found a sacrificial altar of Ru.
 33571 | D:15     | Found a staircase to the Depths.
 33693 | D:14     | Reached XP level 16. HP: 90/128 MP: 23/30
 33902 | Orc:1    | Entered Level 1 of the Orcish Mines
 33902 | Orc:1    | Found a roughly hewn altar of Beogh.
 34535 | Orc:2    | Entered Level 2 of the Orcish Mines
 34548 | Orc:2    | Found a staircase to the Elven Halls.
 34861 | Orc:2    | Found a roughly hewn altar of Beogh.
 35132 | Orc:2    | Found Ydimm's Food Shop.
 35531 | Orc:2    | Found Ukubom's Food Boutique.
 36960 | Orc:2    | Found Igoac's Antique Weapon Emporium.
 36960 | Orc:2    | Found Pabuych's Gadget Shoppe.
 36960 | Orc:2    | Found a one-way gate leading to the halls of Pandemonium.
 36969 | Orc:2    | Bought a wand of teleportation (5/9) for 351 gold pieces
 38132 | Lair:6   | Found a burning altar of Makhleb.
 38184 | Lair:6   | Reached skill level 1 in Evocations
 38382 | Lair:6   | Found a gateway to Hell.
 38467 | Hell     | Entered the Vestibule of Hell
 38467 | Hell     | Noticed Geryon
 38478 | Hell     | Killed Geryon
 38509 | Lair:6   | Gained mutation: You are resistant to electric shocks. (rElec) [evolution]
 38509 | Lair:6   | Lost mutation: You evolve. [end of evolution]
 38952 | D:7      | Bought a book of Necromancy for 330 gold pieces
 38956 | D:7      | Learned a level 3 spell: Regeneration
 39172 | Orc:2    | Bought a lamp of fire for 520 gold pieces
 39172 | Orc:2    | Bought a wand of disintegration (14/24) for 234 gold pieces
 39435 | Spider:1 | Entered Level 1 of the Spider Nest
 39439 | Spider:1 | Reached skill level 10 in Dodging
 39843 | Spider:1 | Reached skill level 1 in Charms
 42605 | Spider:2 | Reached XP level 17. HP: 135/136 MP: 32/32
 43934 | Spider:3 | HP: 2/137 [jumping spider (8)]
 43934 | Spider:3 | Annihilated by a spark wasp

Skill      XL: |  1  2  3  4  5  6  7  8  9 10 11 12 13 14 15 16 17 |
---------------+----------------------------------------------------+-----
Dodging        | 2 3 5 7 8 9 10 | 10.0
Fighting       | 2 4 5 7 8 9 |  9.0
Unarmed Combat | 4 5 6 8 9 10 11 12 13 15 16 | 16.9
Transmutations | 3 4 6 7 9 10 11 12 | 12.8
Spellcasting   | 3 5 7 9 10 11 | 11.7
Ice Magic      | 1 3 4 |  4.4
Invocations    | 2 5 7 |  7.2
Earth Magic    | 4 9 12 13 | 13.5
Evocations     | 3 4 |  4.3
Charms         | 1 2 |  2.5

Action                   |  1- 3 |  4- 6 |  7- 9 | 10-12 | 13-15 | 16-18 || total
-------------------------+-------+-------+-------+-------+-------+-------++-------
Melee: Unarmed           |   151 |   182 |   258 |   601 |  1089 |   687 ||  2968
       Tailslap          |    11 |    25 |    25 |    38 |   111 |    95 ||   305
       Kick              |     7 |     3 |    29 |     8 |   219 |   214 ||   480
       Headbutt          |     6 |     9 |    18 |    50 |   166 |   140 ||   389
       Punch             |     3 |     5 |     8 |    14 |    53 |    47 ||   130
       War axe           |       |    11 |       |       |       |       ||    11
       Dagger            |       |     1 |     2 |       |       |       ||     3
 Cast: Beastly Appendage |    13 |    11 |    14 |     5 |     2 |       ||    45
       Sticks to Snakes  |     2 |     1 |     2 |    17 |    41 |    53 ||   116
       Spider Form       |       |     3 |     2 |     4 |       |       ||     9
       Ice Form          |       |       |     9 |    34 |    35 |       ||    78
       Repel Missiles    |       |       |     1 |     3 |     5 |       ||     9
       Blade Hands       |       |       |       |     3 |    19 |    15 ||    37
       Lee's Rapid Decon |       |       |       |       |    24 |    28 ||    52
       Swiftness         |       |       |       |       |     1 |     1 ||     2
       Regeneration      |       |       |       |       |       |     7 ||     7
Invok: Recall Ancestor   |       |     2 |     2 |       |     4 |     4 ||    12
       Ancestor Identity |       |       |     1 |       |       |       ||     1
       Ancestor Life: Ba |       |       |     1 |       |       |       ||     1
       Idealise          |       |       |       |       |     1 |     4 ||     5
 Abil: End Transformatio |       |       |     1 |     3 |     4 |       ||     8
Evoke: Wand              |       |       |     2 |       |     3 |       ||     5
       Phial of floods   |       |       |       |       |       |     1 ||     1
  Use: Potion            |       |     2 |     4 |     7 |     4 |    10 ||    27
       Scroll            |       |       |    18 |    11 |     9 |     5 ||    43
 Stab: Distracted        |     1 |     1 |     3 |     7 |    22 |    12 ||    46
       Sleeping          |       |       |     3 |     2 |     2 |       ||     7
       Invisible         |       |       |       |     1 |     2 |       ||     3
  Eat: Chunk             |     4 |    10 |    17 |    30 |    40 |    23 ||   124
       Beef jerky        |       |     1 |       |     3 |     1 |       ||     5
       Pizza             |       |       |       |     4 |     7 |       ||    11
       Fruit             |       |       |       |       |    12 |    18 ||    30
       Royal jelly       |       |       |       |       |       |     2 ||     2
Armor: Skin              |    44 |    45 |    88 |   168 |   267 |   216 ||   828
Dodge: Dodged            |   114 |    97 |   132 |   359 |   712 |   609 ||  2023
       Deflected         |       |       |       |     8 |    16 |     3 ||    27
